 Dungeon Crawl Stone Soup version 0.31-a0-819-gf6de2f5ab6 (webtiles) character file.

Game seed: 2844436844814203334

692038 Zonian the Slayer (level 27, -23/337 HPs)
             Began as an Armataur Fighter on Sept 16, 2023.
             Was an Initiate of Gozag.
             Annihilated by an Orb Guardian (24 damage)
             ... on level 5 of the Realm of Zot on Sept 23, 2023.
             The game lasted 06:47:02 (125859 turns).

Zonian the Slayer (Armataur Fighter)              Turns: 125859, Time: 06:47:03

Health: -23/337    AC: 54    Str: 20 (25) XL:     27
Magic:  28/37      EV:  2    Int: 14 (20) God:    Gozag
Gold:   2629       SH: 25    Dex: 22 (23) Spells: 21/54 levels left

rFire   + . .        L - +9 falchion of Honesty {elec, Drain Str+3 Int+3}
rCold   + . .        i - +5 Storm Queen's Shield {shock, Fly rElec}
rNeg    . . .        D - +12 gold dragon scales
rPois   +            h - +2 helmet
rElec   +            j - +2 cloak {rCorr}
rCorr   +            K - +1 pair of gloves
SInv    .            I - +6 lightning scales {swift, rElec}
Will    ++...        F - amulet of reflection Stlth
                     o - ring "Istreu" {Fly Int+6 Slay+3}
HPRegen 0.76/turn    O - +4 ring of slaying
MPRegen 0.25/turn

%: reflection, roll
@: brilliant, berserking, forested, gold aura, flying, hasted, very quick
A: large, rugged brown scales 3, deformed body, armoured tail, roll, long
tongue, awkward tongue, hooves 1, camouflage 1, agile 1, deterioration 1, frail
2, low MP 1, screaming 1, electricity resistance, subdued magic 1
}: 5/15 runes: serpentine, barnacled, slimy, silver, abyssal
a: Renounce Religion, Potion Petition, Call Merchant, Bribe Branch


You were on level 5 of the Realm of Zot.
You worshipped Gozag.
Gozag was most pleased with you.
You visited 12 branches of the dungeon, and saw 56 of its levels.
You visited the Abyss 6 times.
You also visited: Bailey and Wizlab.

You collected 36533 gold pieces.
You spent 4762 gold pieces at shops.
You paid 29142 gold pieces to Gozag.

Inventory:

Hand Weapons
 x - the +8 short sword "Ciha" {pain, rCorr Str-5 Dex+5}
   (You bought it in a shop on level 1 of the Depths)

   Str-5:     It affects your strength (-5).
   Dex+5:     It affects your dexterity (+5).
   rCorr:     It protects you from acid and corrosion.
 L - the +9 falchion of Honesty (weapon) {elec, Drain Str+3 Int+3}
   (You found it on level 9 of the Dungeon)

   Str+3:     It affects your strength (+3).
   Int+3:     It affects your intelligence (+3).
   Drain:     It drains your maximum health when unequipped.
Missiles
 a - 3 javelins
 k - 30 boomerangs
 m - 2 darts of dispersal
 J - 4 throwing nets
 X - 13 silver javelins
Armour
 h - a +2 helmet (worn)
 i - the +5 Storm Queen's Shield (worn) {shock, Fly rElec}
   (You found it in a bailey)

   Shock:     When it blocks an attack, it may electrocute the attacker.
   This works even against foes who are a short distance away.
   rElec:     It insulates you from electricity.
   Fly:       It grants you flight.
 j - a +2 cloak of preservation (worn)
 D - +12 gold dragon scales (worn)
 I - the +6 lightning scales (worn) {swift, rElec}
   (You acquired it on level 1 of the Realm of Zot)

   Swift:     It allows the wearer to cover ground more swiftly.
   rElec:     It insulates you from electricity.
 K - a +1 pair of gloves (worn)
Jewellery
 o - the ring "Istreu" (left hand) {Fly Int+6 Slay+3}
   (You bought it in a shop on level 3 of the Elven Halls)

   [ring of intelligence]

   Int+6:     It affects your intelligence (+6).
   Slay+3:    It affects your accuracy & damage with ranged weapons and melee
   (+3).
   Fly:       It grants you flight.
 q - the ring of Xeliliov {+Blink rF+ MP+9}
   (You took it off a fire giant on level 2 of the Realm of Zot)

   [ring of magical power]

   rF+:       It protects you from fire.
   MP+9:      It affects your magic capacity (+9).
   +Blink:    It lets you blink.
 F - an amulet of reflection (around neck)
 G - the ring of Wyfao {rElec rF+ Int+6}
   (You found it on level 5 of the Pits of Slime)

   [ring of intelligence]

   Int+6:     It affects your intelligence (+6).
   rF+:       It protects you from fire.
   rElec:     It insulates you from electricity.
 O - a +4 ring of slaying (right hand)
 S - an amulet of the acrobat
 U - the amulet "Wiheisai" {Regen+ SInv}
   (You found it on level 3 of the Crypt)

   [amulet of regeneration]

   SInv:      It lets you see invisible.
   Regen+:    It increases your rate of health regeneration.
Wands
 v - a wand of flame (111)
 w - a wand of quicksilver (2)
 A - a wand of paralysis (40)
 C - a wand of digging (25)
 N - a wand of mindburst (22)
 Y - a wand of iceblast (10)
Scrolls
 b - 6 scrolls of fear
 c - 5 scrolls of teleportation
 e - 10 scrolls of vulnerability
 g - 4 scrolls of fog
 s - 8 scrolls of revelation
 B - 13 scrolls of poison
 W - 2 scrolls of butterflies
 Z - 3 scrolls of silence
Potions
 l - 4 potions of haste
 n - 9 potions of resistance
 p - 5 potions of cancellation
 r - 10 potions of curing
 t - 16 potions of brilliance
 z - 5 potions of ambrosia
 E - 2 potions of might
 H - 7 potions of enlightenment
 M - 7 potions of invisibility
 P - 2 potions of magic
 R - a potion of mutation
 T - 6 potions of berserk rage
Miscellaneous
 f - the horn of Geryon (inert)
 u - a sack of spiders
 y - a phantom mirror (inert)
 V - a lightning rod (4/4)


   Skills:
 - Level 23.6 Fighting
 - Level 15.4 Long Blades
 - Level 12.0 Throwing
 - Level 18.0 Armour
 - Level 4.0 Dodging
 - Level 12.0 Stealth
 - Level 15.0 Shields
 - Level 14.3 Spellcasting
 - Level 12.0 Conjurations
 - Level 10.0 Summonings
 - Level 20.0 Translocations
 + Level 9.4 Air Magic
 - Level 15.0 Evocations


You had 21 spell levels left.
You knew the following spells:

 Your Spells              Type           Power      Damage    Failure   Level
a - Blink                 Tloc           100%       N/A       1%          2
b - Apportation           Tloc           100%       N/A       1%          1
c - Lesser Beckoning      Tloc           100%       N/A       1%          2
d - Gell's Gravitas       Tloc           66%        N/A       1%          3
e - Manifold Assault      Tloc           66%        N/A       1%          4
f - Momentum Strike       Conj/Tloc      100%       3d10      1%          2
g - Dispersal             Tloc           33%        N/A       13%         6
h - Iskenderun's Mystic   Conj/Tloc      59%        2d12      4%          4
i - Summon Forest         Summ/Tloc      28%        N/A       19%         5
j - Vhi's Electric Charg  Tloc/Air       100%       N/A       7%          4

Your spell library contained the following spells:

 Spells                   Type           Power      Damage    Failure   Level
 Magic Dart               Conj           100%       1d8       1%          1
 Shock                    Conj/Air       100%       1d9       3%          1
 Searing Ray              Conj           100%       2d8       3%          2
 Summon Small Mammal      Summ           100%       N/A       4%          1
 Call Imp                 Summ           86%        N/A       8%          2
 Call Canine Familiar     Summ           43%        N/A       16%         3
 Volatile Blastmotes      Fire/Tloc      86%        2d17      16%         3
 Swiftness                Air            42%        N/A       21%         3
 Foxfire                  Conj/Fire      100%       2x1d9     28%         1
 Mephitic Cloud           Conj/Pois/Air  34%        N/A       47%         3
 Dimensional Bullseye     Hex/Tloc       21%        N/A       47%         4
 Summon Lightning Spire   Summ/Air       42%        N/A       52%         4
 Iskenderun's Battlesphe  Conj           50%        2d10      54%         5
 Poisonous Vapours        Pois/Air       52%        N/A       58%         2
 Hailstorm                Conj/Ice       30%        3d8       63%         3
 Stone Arrow              Conj/Erth      60%        3d10      63%         3
 Arcjolt                  Conj/Air       23%        1d33      75%         5
 Summon Guardian Golem    Hex/Summ       27%        N/A       78%         3
 Cigotuvi's Dreadful Rot  Necr/Pois/Air  42%        N/A       82%         2
 Brom's Barrelling Bould  Conj/Erth      30%        2d5       96%         4
 Flame Wave               Conj/Fire      30%        2d9       96%         4
 Fulminant Prism          Conj/Hex       15%        3d10      96%         4
 Sticky Flame             Conj/Fire      30%        2d5       96%         4
 Freeze                   Ice            44%        1d6       98%         1
 Slow                     Hex            44%        N/A       98%         1
 Sting                    Tmut/Pois      44%        1d5       98%         1
 Ensorcelled Hibernation  Hex/Ice        22%        N/A       99%         2
 Jinxbite                 Hex            22%        N/A       99%         2
 Passwall                 Tmut/Erth      9%         N/A       99%         2
 Scorch                   Fire           22%        2d5       99%         2
 Sublimation of Blood     Necr           11%        N/A       99%         2
 Wereblood                Tmut           11%        N/A       99%         2
 Animate Armour           Summ/Erth      54%        N/A       99%         4
 Summon Ice Beast         Ice/Summ       27%        N/A       99%         4
 Freezing Cloud           Conj/Ice/Air   17%        6-21      99%         5
 Disjunction              Tloc           33%        N/A       99%         8
 Confusing Touch          Hex            11%        N/A       100%        3
 Frozen Ramparts          Ice            22%        1d4       100%        3
 Ignite Poison            Fire/Tmut/Pois 11%        N/A       100%        3
 Inner Flame              Hex/Fire       11%        N/A       100%        3
 Ozocubu's Armour         Ice            11%        N/A       100%        3
 Sigil of Binding         Hex            11%        N/A       100%        3
 Tukima's Dance           Hex            11%        N/A       100%        3
 Vampiric Draining        Necr           11%        2d6       100%        3
 Anguish                  Hex/Necr       5%         N/A       100%        4
 Cause Fear               Hex            5%         N/A       100%        4
 Leda's Liquefaction      Hex/Erth       5%         N/A       100%        4
 Olgreb's Toxic Radiance  Pois           11%        N/A       100%        4
 Alistair's Intoxication  Tmut/Pois      7%         N/A       100%        5
 Borgnjor's Vile Clutch   Necr/Erth      5%         N/A       100%        5
 Fireball                 Conj/Fire      15%        3d8       100%        5
 Lee's Rapid Deconstruct  Erth           5%         3d6*      100%        5
 Metabolic Englaciation   Hex/Ice        5%         N/A       100%        5
 Summon Mana Viper        Hex/Summ       27%        N/A       100%        5
 Conjure Ball Lightning   Conj/Air       23%        3x3d6     100%        6
 Death Channel            Necr           5%         N/A       100%        6
 Plasma Beam              Fire/Air       13%        2x1d24    100%        6
 Starburst                Conj/Fire      15%        6d6       100%        6
 Summon Cactus Giant      Summ           21%        N/A       100%        6
 Enfeeble                 Hex            5%         N/A       100%        7
 Haunt                    Necr/Summ      13%        N/A       100%        7
 Monstrous Menagerie      Summ           21%        N/A       100%        7
 Orb of Destruction       Conj           25%        9d9       100%        7
 Ozocubu's Refrigeration  Ice            5%         4d8       100%        7
 Spellforged Servitor     Conj/Summ      23%        N/A       100%        7
 Summon Hydra             Summ           21%        N/A       100%        7
 Discord                  Hex            5%         N/A       100%        8
 Ignition                 Fire           5%         3d4       100%        8
 Lehudib's Crystal Spear  Conj/Erth      15%        10d5      100%        8
 Summon Horrible Things   Summ           21%        N/A       100%        8
 Chain Lightning          Conj/Air       23%        3d30      100%        9
 Dragon's Call            Summ           21%        N/A       100%        9
 Fire Storm               Conj/Fire      15%        8d4       100%        9
 Polar Vortex             Ice            5%         N/A       100%        9
 Shatter                  Erth           5%         3d8*      100%        9
 Animate Dead             Necr           Unusable   N/A       N/A         4
 Simulacrum               Ice/Necr       Unusable   N/A       N/A         6

Dungeon Overview and Level Annotations

Branches:
Dungeon (15/15)            Temple (0/1) D:4            Lair (5/5) D:11
 Shoals (4/4) Lair:2        Snake (4/4) Lair:3        Slime (5/5) Lair:4
    Orc (2/2) D:12            Elf (3/3) Orc:2        Vaults (5/5) D:14
  Crypt (3/3) Vaults:3       Tomb (0/3) Crypt:3      Depths (4/4) D:15
   Hell (visited)             Dis (0/7) Hell            Geh (0/7) Hell
    Tar (0/7) Hell            Zot (5/5) Depths:4     Bailey (visited)
 WizLab (visited)
    Coc: Hell:1

Altars:
Ashenzari
Cheibriados
Elyvilon
Fedhas
Gozag
Hepliaklqana
Kikubaaqudgha
Makhleb
Qazlal
Sif Muna
Trog
Uskayaw
Vehumet
Wu Jian
Yredelemnul
Zin
The Shining One
Jiyva
Lugonu

Shops:
D:13 :   Orc:1 *   Orc:2 ?=(**(   Elf:1 =:=   Elf:2 :   Elf:3 [=   Lair:2 !
Lair:4 *   Shoals:1 =   Snake:4 (   Vaults:1 !   Depths:1 **   Depths:3 *!

Portals:
Hell: Depths:1 Depths:2 Depths:3 Depths:4
Abyss: Depths:3 Depths:4
Pandemonium: Depths:2 Depths:3
Ziggurat: Depths:4
Trove: Elf:3 (give +4 ice dragon scales)

Annotations:
D:6 1 runed translucent door
Shoals:3 5 transporters
Snake:1 2 transporters, exclusion: obsidian statue
Hell exclusion: 2 ice statues
Zot:1 4 transporters


Innate Abilities, Weirdness & Mutations

You are completely covered in rugged brown scales. (AC +3, +7% HP)
Armour fits poorly on your strangely shaped body.
You have a long armoured tail.
You roll when moving toward enemies. (Rampage)
Your long tongue fully drains potion bottles. (2x potion effects)
Your tongue gives you trouble enunciating. (1.5x scroll delay)
You have large cloven feet.
Your skin changes colour to match your surroundings (Stealth+).
You are agile. (Dex +4, Str/Int -1)
Your body sometimes deteriorates upon taking damage.
You are very frail. (-20% HP)
Your magical capacity is low. (-10% MP)
You occasionally shout uncontrollably at your foes.
You are resistant to electric shocks. (rElec)
Your spells are a little easier to cast, but a little less powerful.


Message History

You slice the orb of fire!!
You kick the orb of fire, but do no damage.
You tail-slap the orb of fire.
You destroy the orb of fire!
You block the Orb Guardian's attack. x2
You feel your intelligence returning.
Your Air Magic skill increases to level 9!
You slice the Orb Guardian!! Your kick misses the Orb Guardian.
You tail-slap the Orb Guardian, but do no damage.
The Orb Guardian is almost dead.
The Killer Klown smiles at you. You block the Orb Guardian's attack.
The electric golem blinks!
You hear a loud "Zot"!
The power of Zot is invoked against you!
You feel weakened. You block the Orb Guardian's attack.
The Orb Guardian is distracted by your dazzling golden aura.
Unknown command.
You chop the Orb Guardian into pieces!!!
Lightning courses through the Orb Guardian!!
You kill the Orb Guardian!
The Orb Guardian is distracted by your dazzling golden aura.
The Orb Guardian hits you.
* * * LOW HITPOINT WARNING * * *
You block the Orb Guardian's attack.
Your shield discharges, shocking the Orb Guardian!
The electric golem blinks!
You block the Orb Guardian's attack.
Your shield discharges, shocking the Orb Guardian!
Unknown command.
You slash the Orb Guardian!
You kick the Orb Guardian, but do no damage.
You tail-slap the Orb Guardian!
The Orb Guardian is moderately wounded.
The Orb Guardian hits you!
* * * LOW HITPOINT WARNING * * *
The Orb Guardian hits you!
* * * LOW HITPOINT WARNING * * *
The Orb Guardian hits you!!
You die...
Your body crumbles into a pile of gold.

.......###...###########...#**,,,
....^.##.§X§## *#...,**,,
....^.^.§§### *##,,,,,,
▓▓▓▓▓▓▓▓▓▓# ******* .^....▓▓▓▓
****,, §........▓## ***,,,,,
.§..§.....§## **,,,,,,,
...........)# ▓▓▓▓▓▓▓▓▓ *,^,,,,,,
.........§..▓▓▓X@Xp...▓**,,,,^,,,
...X.§......▓▓XXXX.^X.^▓*,,,,,,,,
.XX..§.X....▓.XXXX(.^^..*,,,,,,,,
....$...........♣.0....9,,,,,,,,,
............▓....^$.....*^,,,,,^,
....§...§...▓▓...§.....▓*,,,,,,,,
............▓▓▓.......▓▓*,,,,,,,,
^.X...!.....▓ ▓▓▓▓▓▓▓▓▓ *,,,,,,,,
...........▓▓ **,,,,,,,


You could see a Killer Klown, an electric golem, a tentacled monstrosity and 10
Orb Guardians.

Vanquished Creatures
  the Royal Jelly (Slime:5)
  Dissolution (Slime:3)
  A dread lich (Vaults:4)
  5 orbs of fire
  An ancient lich (Crypt:3)
  A juggernaut (Depths:4)
  Bai Suzhen (Depths:1)
  A Killer Klown (Zot:3)
  Margery (Vaults:2)
  Vashnia (Snake:3)
  Geryon (Hell)
  A curse toe (Zot:1)
  Norris (Vaults:4)
  6 bone dragons
  10 golden dragons
  A profane servitor (Abyss:4)
  2 electric golems
  Zenata (Vaults:1)
  A Hell Sentinel (Abyss:4)
  A walking earthen tome (Depths:2)
  3 Orb Guardians (Zot:5)
  15 tentacled monstrosities
  Mlioglotl (Snake:2)
  A walking frostbound tome (Depths:2)
  9 liches
  A walking divine tome (Depths:1)
  6 deep elf master archers (Elf:3)
  A titan (Depths:4)
  6 quicksilver dragons
  Frances (D:14)
  4 deep elf blademasters (Elf:3)
  6 searing wretches (Depths:1)
  12 ancient champions
  A shard shrike skeleton (Crypt:3)
  13 acid blobs
  3 death cobs
  4 krakens
  11 sphinxes
  Polyphemus (Shoals:2)
  Kirke (Shoals:2)
  An Executioner (Abyss:4)
  11 tentacled starspawn
  6 draconian monks
  10 tengu reavers
  10 shadow dragons
  4 revenants
  11 storm dragons
  Aizul (Snake:1)
  8 azure jellies
  16 fire giants
  4 draconian knights
  7 nagarajas
  A daeva (Abyss:3)
  4 rockslimes
  7 deep elf sorcerers
  3 frost giants
  16 vault wardens
  2 ghost moths
  2 balrugs (Zot:2)
  4 orc warlords
  An angel (Abyss:3)
  7 ghouls (Crypt:3)
  4 deep elf elementalists (Elf:3)
  4 draconian scorchers
  7 draconian stormcallers
  10 draconian shifters
  3 war gargoyles
  2 formless jellyfish
  23 ironbound preservers
  3 reapers
  10 draconian annihilators
  29 very ugly things
  10 stone giants
  9 quicksilver oozes
  A juggernaut skeleton (Crypt:2)
  A spriggan defender (Depths:2)
  7 vampire knights
  A broodmother (shapeshifter) (Depths:3)
  3 green draconians
  10 red draconians
  9 dire elephants
  7 deep elf annihilators (Elf:3)
  4 deep elf demonologists
  7 ironbound thunderhulks
  9 black draconians
  2 lorocyprocas
  13 purple draconians
  A bunyip (shapeshifter) (Abyss:4)
  3 spectral titans (Crypt:3)
  10 white draconians
  29 yellow draconians
  2 spark wasps
  2 iron golems
  A minotaur (Shoals:4)
  A green death (Hell)
  7 eidola (Crypt:3)
  3 spectral quicksilver dragons (Crypt:3)
  2 crystal guardians (Vaults:4)
  A deep elf death mage (Elf:2)
  4 merfolk impalers
  A spectral golden dragon (Crypt:3)
  10 ettins
  2 entropy weavers (Vaults:2)
  3 jiangshi
  6 blizzard demons
  The ghost of snackwell the Tainter, a journeyman TeVM of Hepliaklqana (Lair:3)
  4 deep elf high priests
  A kraken zombie (Hell)
  2 rakshasas
  15 fire dragons
  10 yaktaur captains
  Harold (D:9)
  28 vault guards
  10 ice dragons
  5 hydras
  6 great orbs of eyes
  5 spriggan air magi
  A spriggan skeleton (Crypt:3)
  3 merfolk avatars
  Fannar (Orc:1)
  A caustic shrike simulacrum (Abyss:4)
  2 catoblepae
  6 ogre magi
  4 salamander tyrants (Snake:4)
  The ghost of Newt the Cleaver, a journeyman DsGl of Hepliaklqana (D:11)
  An anaconda (shapeshifter) (Vaults:4)
  An alligator snapping turtle (Shoals:4)
  A radroach (shapeshifter) (Vaults:4)
  A stoker (Depths:1)
  3 peacekeepers
  9 satyrs (Shoals:4)
  10 anacondas
  9 two-headed ogres
  8 ironbound frosthearts
  17 centaur warriors
  An alligator (shapeshifter) (Depths:2)
  A boulder beetle (D:14)
  2 death knights
  4 merfolk aquamancers
  A two-headed ogre (shapeshifter) (Depths:2)
  21 death yaks
  11 hell hogs
  6 thrashing horrors
  A sphinx skeleton (Crypt:2)
  4 deep troll shamans
  27 naga warriors
  6 tengu warriors
  6 vampire magi
  6 deep troll earth magi
  16 naga sharpshooters
  An orc high priest (Elf:1)
  32 dancing weapons
  2 demonic crawlers
  16 hell knights
  3 spectral nagas (Crypt:3)
  2 titan skeletons
  A titan zombie (Crypt:1)
  4 sun demons
  12 deep elf knights
  3 spectral storm dragons (Crypt:3)
  3 shock serpents
  6 soul eaters
  5 spriggan berserkers
  The ghost of Stellion the Covered, a novice HOFi of Okawaru (D:6)
  6 wretched stars
  10 iron trolls
  7 skysharks
  22 skeletal warriors
  A spectral bunyip (Crypt:3)
  65 deep trolls
  10 salamander mystics
  A sea snake (shapeshifter) (Abyss:3)
  A sixfirhy (Abyss:3)
  11 shadow wraiths
  A spectral anaconda (Crypt:3)
  A spectral minotaur (Crypt:3)
  A spriggan simulacrum (Crypt:3)
  7 deep elf archers
  7 flayed ghosts
  10 sea snakes
  3 glowing orange brains
  15 wizards
  A death drake (Abyss:3)
  7 lindwurms
  A spectral hydra (Crypt:3)
  An anaconda zombie (Hell)
  13 naga ritualists
  20 ironbound convokers
  4 bog bodies (Crypt:3)
  18 phantasmal warriors
  29 deep elf zephyrmancers
  4 necromancers
  Pikel (D:6)
  27 harpies
  2 anaconda skeletons (Hell)
  4 oklob plants (Zot:3)
  13 orc knights
  2 jorogumo zombies
  25 mana vipers
  An alligator zombie (Hell)
  27 deep elf pyromancers
  3 orc sorcerers
  A wolf spider (Vaults:4)
  2 shining eyes
  3 worldbinders
  13 cyclopes
  A manticore (shapeshifter) (Vaults:5)
  13 fauns
  48 ugly things
  5 merfolk sirens
  20 manticores
  A faun (shapeshifter) (Vaults:3)
  24 moths of wrath
  A centaur zombie (Hell)
  14 elephants
  A spectral centaur (Crypt:3)
  14 salamanders
  16 naga magi
  A spectral alligator snapping turtle (Crypt:3)
  2 stone giant zombies (Hell)
  44 black mambas
  3 water nymphs
  16 vault sentinels
  3 molten gargoyles (D:9)
  6 torpor snails
  A rust devil (Abyss:3)
  A fire giant skeleton (Crypt:3)
  6 smoke demons
  An apocalypse crab (Abyss:4)
  2 gargoyles (D:12)
  11 guardian serpents
  11 cane toads
  An unseen horror (Abyss:3)
  6 rime drakes
  A white draconian zombie (Crypt:2)
  22 yaktaurs
  A yellow draconian skeleton (Crypt:3)
  An efreet (Abyss:3)
  A black draconian zombie (Crypt:2)
  3 hellions (Depths:1)
  9 ancient zymes
  24 freezing wraiths
  An orb spider zombie (Crypt:1)
  3 tengu conjurers
  An iron troll zombie (Crypt:3)
  7 komodo dragons
  2 ice devils (Depths:1)
  A red draconian zombie (Crypt:3)
  A sea snake skeleton (Hell)
  A spectral harpy (Crypt:3)
  A meliai (shapeshifter) (Depths:2)
  5 trolls
  3 meliai (D:13)
  2 polar bears
  2 hydra zombies (Hell)
  A mana viper zombie (Crypt:1)
  10 hornets
  A hydra skeleton (Hell)
  3 tyrant leeches (Lair:5)
  29 merfolk
  Prince Ribbit (D:6)
  9 wind drakes
  A hellwing (Abyss:3)
  2 harpy skeletons
  18 raiju
  A tarantella (shapeshifter) (D:11)
  7 blink frogs
  5 snapping turtles
  A tarantella zombie (Crypt:2)
  71 slime creatures
  8 dream sheep
  A jumping spider (Vaults:2)
  6 small abominations
  24 large abominations
  3 spriggans
  58 yaks
  An ettin skeleton (Crypt:2)
  8 ynoxinuls
  4 flying skulls (Abyss:4)
  8 wyverns
  24 water elementals
  A centaur simulacrum (Crypt:3)
  8 wraiths
  3 hogs (Shoals:2)
  A vampire (D:12)
  3 fire bats (Abyss:4)
  8 golden eyes
  A hog (shapeshifter) (Elf:2)
  A steam dragon (D:9)
  4 basilisks
  9 chaos spawn
  32 starcursed masses
  3 fire elementals
  9 vampire mosquitoes
  4 neqoxecs (Abyss:4)
  Edmund (D:4)
  70 nagas
  A warg (Orc:1)
  A water nymph zombie (Crypt:1)
  3 hell hounds
  3 acid dragons
  4 floating eyes
  A faun skeleton (Crypt:3)
  21 water moccasins
  2 ice beasts
  41 orc warriors
  A sky beast (shapeshifter) (Abyss:3)
  An elephant zombie (Crypt:3)
  A sky beast (D:8)
  5 ogres
  3 boggarts (Vaults:1)
  17 centaurs
  19 wolves
  A lemure (D:6)
  5 kobold brigands
  3 necrophages (Crypt:3)
  4 earth elementals
  A vine stalker zombie (Crypt:3)
  18 bullfrogs
  3 gnoll sergeants
  4 scorpions
  3 wights (D:8)
  A raiju zombie (Crypt:3)
  A polar bear zombie (Crypt:2)
  12 killer bees
  A howler monkey (shapeshifter) (Vaults:5)
  3 howler monkeys (D:8)
  2 electric eels
  A yak skeleton (Crypt:3)
  4 quasits
  An iron imp (Abyss:3)
  12 orc priests
  23 jellies
  A gnoll bouda (D:7)
  2 black bear skeletons
  12 hounds
  4 iguanas (D:5)
  21 orc wizards
  2 sleepcaps
  4 hell rats (Depths:1)
  A naga skeleton (Crypt:1)
  A howler monkey zombie (Crypt:1)
  23 gnolls
  An adder (D:3)
  A white imp (D:6)
  2 ufetubi
  7 worms
  3 dart slugs
  88 orcs
  3 endoplasms
  5 giant cockroaches
  15 goblins
  11 hobgoblins
  2 jackals (D:2)
  4 quokkas
  A river rat zombie (Crypt:1)
  3 ball pythons
  6 bats
  5 frilled lizards
  62 kobolds
  A kobold zombie (Crypt:1)
  4 rats
  A river rat skeleton (Crypt:2)
  5 starspawn tentacles (Abyss:3)
  5 tentacles
2684 creatures vanquished.

Vanquished Creatures (collateral kills)
  A Killer Klown (Zot:5)
  A curse toe (Zot:5)
  2 titans
  2 shadow dragons (Vaults:5)
  A draconian knight (Zot:5)
  A ghost moth (Zot:5)
  2 frost giants
  A deep elf sorcerer (Vaults:5)
  5 very ugly things
  4 ironbound preservers
  2 stone giants (Vaults:5)
  A green draconian (Zot:5)
  A purple draconian (Zot:5)
  A deep elf annihilator (Vaults:4)
  4 ettins
  A deep elf high priest (Vaults:5)
  An entropy weaver (Vaults:4)
  4 yaktaur captains (Vaults:5)
  A hydra (Lair:2)
  2 vault guards (Vaults:4)
  A catoblepas (shapeshifter) (Vaults:4)
  An ogre mage (Vaults:5)
  A dancing weapon (Vaults:4)
  A vampire mage (Abyss:4)
  2 naga sharpshooters (Snake:3)
  2 deep trolls
  3 phantasmal warriors (Vaults:5)
  An orc knight (Vaults:5)
  A moth of wrath (shapeshifter) (Vaults:5)
  3 ugly things (Vaults:5)
  2 vault sentinels (Vaults:4)
  A freezing wraith (Vaults:5)
  A golden eye (Abyss:3)
  A small abomination (Abyss:3)
  An orc warrior (Vaults:5)
  3 starcursed masses (Abyss:3)
  3 orcs (Vaults:5)
66 creatures vanquished.

Vanquished Creatures (others)
  Mara (Vaults:5)
  3 Killer Klowns (Zot:5)
  A golden dragon (Depths:4)
  A tentacled monstrosity (Zot:5)
  8 Orb Guardians (Zot:5)
  A quicksilver dragon (Vaults:5)
  A death cob (Zot:5)
  A draconian monk (Zot:5)
  3 fire giants
  A vault warden (Vaults:5)
  An ironbound preserver (Vaults:5)
  3 draconian annihilators (Zot:5)
  A green draconian (Zot:5)
  A vampire knight (WizLab)
  A black draconian (Zot:5)
  A yellow draconian (Zot:5)
  A deep elf annihilator (Vaults:5)
  A red draconian (Zot:1)
  A vault guard (Vaults:5)
  A yaktaur captain (Vaults:5)
  An ogre mage (Vaults:5)
  A satyr (Shoals:4)
  A deep troll shaman (Vaults:5)
  A deep troll earth mage (Vaults:5)
  A deep elf knight (Elf:1)
  An iron troll (Vaults:5)
  2 deep trolls (Vaults:5)
  An orc knight (Vaults:5)
  An ironbound convoker (Vaults:5)
  A deep elf zephyrmancer (Elf:1)
  A manticore (Shoals:1)
  A molten gargoyle (D:9)
  A black mamba (Snake:1)
  A water elemental (Depths:1)
  2 humans (Shoals:2)
  A floating eye (shapeshifter) (Vaults:3)
  2 small abominations (Abyss:3)
  A jelly (Zot:3)
  An orc (Vaults:5)
  3 lurking horrors (Abyss:4)
  27 starspawn tentacles
  34 tentacles
119 creatures vanquished.

Grand Total: 2869 creatures vanquished

Notes
Turn   | Place    | Note
-------+----------+-------------------------------------------
     0 | D:1      | Zonian the Armataur Fighter began the quest for the Orb.
     0 | D:1      | Reached XP level 1. HP: 19/19 MP: 1/1
   134 | D:1      | Reached XP level 2. HP: 22/26 MP: 2/2
   595 | D:2      | Reached skill level 3 in Fighting
   744 | D:2      | Reached XP level 3. HP: 25/33 MP: 3/3
   828 | D:2      | Found a snail-covered altar of Cheibriados.
  1163 | D:3      | Noticed a scorpion
  1171 | D:3      | Found a bloodstained altar of Trog.
  1185 | D:3      | Found a basalt altar of Yredelemnul.
  1185 | D:3      | Found an opulent altar of Gozag.
  1189 | D:3      | Found a burning altar of Makhleb.
  1195 | D:3      | Became a worshipper of Gozag Ym Sagoz the Greedy
  1402 | D:3      | Reached XP level 4. HP: 32/40 MP: 4/4
  1556 | D:3      | Found a faded altar of an unknown god.
  1934 | D:3      | Killed a scorpion
  1935 | D:3      | Reached XP level 5. HP: 48/48 MP: 5/5
  2114 | D:3      | Reached skill level 5 in Armour
  2166 | D:3      | Reached XP level 6. HP: 55/55 MP: 6/6
  2248 | D:3      | Reached skill level 4 in Fighting
  2486 | D:3      | Reached skill level 5 in Shields
  3241 | D:4      | Found a staircase to the Ecumenical Temple.
  3270 | D:4      | Noticed Edmund
  3278 | D:4      | Killed Edmund
  3279 | D:4      | Reached XP level 7. HP: 47/64 MP: 7/7
  3410 | D:4      | Found a radiant altar of Vehumet.
  3544 | D:4      | Found a glowing golden altar of the Shining One.
  3653 | D:5      | Entered Level 5 of the Dungeon
  4126 | D:5      | Found a hide-covered altar of Uskayaw.
  4313 | D:5      | Found a shimmering blue altar of Sif Muna.
  5036 | D:5      | Reached skill level 5 in Fighting
  5036 | D:5      | Reached XP level 8. HP: 13/72 MP: 8/8
  5673 | D:6      | Found a glowing silver altar of Zin.
  5752 | D:6      | Found an ancient bone altar of Kikubaaqudgha.
  5862 | D:6      | Found a large runed translucent door.
  5868 | D:6      | Found a large runed translucent door.
  5893 | D:6      | Found a blossoming altar of Fedhas.
  5903 | D:6      | Found a hazy altar of Hepliaklqana.
  6175 | D:6      | Found a runed translucent door.
  6178 | D:6      | Noticed Stellion's ghost (novice HOFi)
  6217 | D:6      | Killed Stellion's ghost
  6218 | D:6      | Reached skill level 6 in Fighting
  6218 | D:6      | Reached skill level 5 in Long Blades
  6230 | D:6      | Reached XP level 9. HP: 22/80 MP: 9/9
  6243 | D:6      | Found a runed translucent door.
  6431 | D:6      | Noticed Prince Ribbit
  6434 | D:5      | Noticed a rust devil
  6434 | D:5      | Noticed a rust devil
  6454 | D:6      | Killed Prince Ribbit
  6617 | D:6      | Found a snail-covered altar of Cheibriados.
  6723 | D:6      | Found a stormy altar of Qazlal.
  6767 | D:6      | Found a broken altar of Ashenzari.
  6806 | D:6      | Noticed Pikel
  6824 | D:6      | Killed Pikel
  6825 | D:6      | Reached skill level 7 in Fighting
  7698 | D:7      | Found a flagged portal.
  7722 | Bailey   | Entered a bailey
  8612 | Bailey   | Found the +5 Storm Queen's Shield {shock, Fly rElec}
  8731 | D:7      | Reached XP level 10. HP: 94/94 MP: 10/10
  8776 | D:7      | Reached skill level 8 in Fighting
 10206 | D:9      | Reached skill level 9 in Fighting
 10206 | D:9      | Reached skill level 10 in Armour
 10253 | D:9      | Noticed Harold
 10262 | D:9      | Killed Harold
 10286 | D:9      | Identified the +9 falchion of Honesty {elec, Drain Str+3
                  | Int+3}
 10306 | D:9      | Reached XP level 11. HP: 103/103 MP: 11/11
 11098 | D:10     | Entered Level 10 of the Dungeon
 11279 | D:10     | Noticed a two-headed ogre
 11286 | D:10     | Killed a two-headed ogre
 12473 | D:11     | Found a staircase to the Lair.
 12516 | D:11     | Found a runed translucent door.
 12516 | D:11     | Noticed Newt's ghost (journeyman DsGl)
 12543 | D:11     | Reached skill level 10 in Fighting
 13525 | Lair:1   | Entered Level 1 of the Lair of Beasts
 13587 | Lair:1   | Reached skill level 10 in Long Blades
 13612 | Lair:1   | Reached XP level 12. HP: 106/113 MP: 12/12
 13806 | Lair:1   | Reached skill level 10 in Shields
 13818 | Lair:1   | Identified the +6 flail of the Winnowing King {freeze,
                  | Contam rPois Int+4 SInv}
 14418 | Lair:2   | Noticed a five-headed hydra
 14434 | Lair:2   | Killed a five-headed hydra
 14589 | Lair:2   | Noticed a five-headed hydra
 14692 | Lair:2   | Reached skill level 11 in Fighting
 15358 | Lair:2   | Found a staircase to the Shoals.
 15676 | Lair:2   | Killed a five-headed hydra
 15946 | Lair:3   | Noticed a death yak
 15990 | Lair:3   | Killed a death yak
 15991 | Lair:3   | Reached XP level 13. HP: 102/125 MP: 13/13
 16261 | Lair:3   | Found a runed translucent door.
 16358 | Lair:3   | Noticed snackwell's ghost (journeyman TeVM)
 16467 | Lair:2   | Reached skill level 12 in Fighting
 16660 | Lair:3   | Found a staircase to the Snake Pit.
 17229 | Lair:3   | Killed snackwell's ghost
 17870 | Lair:4   | Found a staircase to the Slime Pits.
 17893 | Lair:4   | Reached skill level 13 in Fighting
 17903 | Lair:4   | Found a viscous altar of Jiyva.
 18655 | Lair:4   | Bought a scroll of teleportation for 87 gold pieces
 18671 | Lair:5   | Entered Level 5 of the Lair of Beasts
 18684 | Lair:4   | Reached XP level 14. HP: 115/138 MP: 14/14
 19025 | Lair:4   | Reached skill level 1 in Evocations
 19410 | Lair:5   | Reached skill level 14 in Fighting
 19565 | Lair:5   | Found a runed translucent door.
 20047 | Lair:5   | Paralysed by a hornet for 1 turns
 21008 | D:12     | Reached skill level 5 in Evocations
 21322 | D:12     | Found a staircase to the Orcish Mines.
 21808 | D:13     | Reached skill level 15 in Fighting
 21835 | D:13     | Found Descheadd's Self-Published Books.
 22167 | D:14     | You are sucked into a shaft and drop 1 floor!
 22167 | D:15     | Entered Level 15 of the Dungeon
 22202 | D:15     | Reached XP level 15. HP: 135/150 MP: 15/15
 22570 | D:14     | Noticed Frances
 22587 | D:14     | Killed Frances
 22688 | D:14     | Identified the +4 arbalest "Fyehik" {heavy, rC+++ Will++
                  | Str-5}
 22746 | D:14     | Found a gate to the Vaults.
 23551 | D:15     | Paralysed by an ogre mage for 5 turns
 23560 | D:15     | Reached skill level 16 in Fighting
 24093 | D:15     | Found a staircase to the Depths.
 24264 | Orc:1    | Entered Level 1 of the Orcish Mines
 24277 | Orc:1    | Noticed Fannar
 24301 | Orc:1    | Killed Fannar
 24593 | Orc:1    | Found Kyxewu Foul's General Store.
 24608 | Orc:1    | Bought a potion of might for 56 gold pieces
 24608 | Orc:1    | Bought a wand of flame (7) for 68 gold pieces
 24833 | Orc:2    | Entered Level 2 of the Orcish Mines
 24840 | Orc:2    | Found a staircase to the Elven Halls.
 25001 | Orc:2    | Reached skill level 1 in Stealth
 25079 | Orc:2    | Reached skill level 17 in Fighting
 25264 | Orc:2    | Found Luuchepuck's Antique Weapon Shoppe.
 25272 | Orc:2    | Found Giri Qegg's Assorted Antiques.
 25272 | Orc:2    | Found Lumicoge's General Store.
 25274 | Orc:2    | Found Akkehes's Antique Weapon Boutique.
 25284 | Orc:2    | Bought an embroidered cloak for 187 gold pieces
 25284 | Orc:2    | Bought a scroll of revelation for 187 gold pieces
 25299 | Orc:2    | Bought a scroll of blinking for 112 gold pieces
 25607 | Orc:2    | Found Edaanunuph's Jewellery Shoppe.
 25613 | Orc:2    | Bought an amulet of the acrobat for 510 gold pieces
 25613 | Orc:2    | Bought a ring of see invisible for 255 gold pieces
 25730 | Orc:2    | Bought a scroll of teleportation for 48 gold pieces
 25730 | Orc:2    | Bought a scroll of fog for 64 gold pieces
 25730 | Orc:2    | Bought a scroll of teleportation for 48 gold pieces
 25942 | Snake:1  | Entered Level 1 of the Snake Pit
 26247 | Snake:1  | Found a transporter.
 26248 | Snake:1  | Noticed a nagaraja
 26786 | Snake:1  | Noticed Aizul
 26791 | Snake:1  | Killed Aizul
 27063 | Snake:1  | Reached XP level 16. HP: 163/165 MP: 16/16
 27122 | Snake:1  | Reached skill level 5 in Stealth
 27330 | Snake:1  | Found a transporter.
 28123 | Snake:2  | Noticed Mlioglotl
 28142 | Snake:2  | Killed Mlioglotl
 29766 | Snake:3  | Reached skill level 15 in Long Blades
 29885 | Snake:3  | Identified the ring of Kung {rN+ Dex+6}
 30016 | Snake:3  | Reached skill level 18 in Fighting
 30067 | Snake:3  | Noticed Vashnia
 30116 | Snake:3  | Killed Vashnia
 30885 | Snake:3  | Identified the +1 robe of Indomitability {Dex+5}
 30989 | Snake:4  | Entered Level 4 of the Snake Pit
 31033 | Snake:4  | Identified the ring "Qobb" {Fire +Blink rN++ Str+3 Int-5}
 31372 | Snake:4  | Identified the +1 battleaxe of Scorn {venom, rPois rC-
                  | Dex+3}
 31630 | Snake:4  | Reached XP level 17. HP: 177/177 MP: 17/17
 33334 | Snake:4  | Reached skill level 10 in Evocations
 33504 | Snake:4  | Reached skill level 19 in Fighting
 33915 | Snake:4  | Found Dyitwatuli's Weapon Boutique.
 35361 | Snake:4  | Got a serpentine rune of Zot
 35664 | Shoals:1 | Entered Level 1 of the Shoals
 35769 | Shoals:1 | You are sucked into a shaft and drop 1 floor!
 35787 | Shoals:2 | Noticed Polyphemus
 35797 | Shoals:3 | Found a transporter.
 35800 | Shoals:3 | Found a transporter.
 35817 | Shoals:2 | Noticed Kirke
 35843 | Shoals:2 | Killed Kirke
 35852 | Shoals:2 | Reached XP level 18. HP: 101/190 MP: 18/18
 36273 | Shoals:1 | Found Nacaoff's Jewellery Shop.
 36362 | Shoals:1 | Reached skill level 20 in Fighting
 37148 | Shoals:2 | Killed Polyphemus
 38401 | Shoals:3 | Found a transporter.
 38599 | Shoals:3 | Found a transporter.
 38623 | Shoals:3 | Found a transporter.
 39119 | Shoals:3 | Reached skill level 1 in Throwing
 39543 | Shoals:4 | Entered Level 4 of the Shoals
 39733 | Shoals:4 | Reached skill level 15 in Armour
 40199 | Shoals:4 | Reached skill level 5 in Throwing
 41501 | Shoals:4 | Identified the +1 whip "Rump" {freeze, rC+}
 41503 | Shoals:4 | Identified the +3 lajatang "Xodiuw" {venom, Str+3}
 41533 | Shoals:4 | Got a barnacled rune of Zot
 41543 | Shoals:4 | Identified the +0 cloak of Hepliaklqana, Thieving {rElec}
 41553 | Shoals:4 | Learned a level 2 spell: Blink
 41609 | Shoals:4 | Reached skill level 1 in Translocations
 41714 | Shoals:4 | Reached skill level 1 in Spellcasting
 41793 | Shoals:4 | Paralysed by a sphinx for 5 turns
 42240 | Lair:2   | Bought a potion of ambrosia for 144 gold pieces
 42240 | Lair:2   | Bought a potion of curing for 54 gold pieces
 42240 | Lair:2   | Bought a potion of cancellation for 144 gold pieces
 42240 | Lair:2   | Bought a potion of invisibility for 144 gold pieces
 42426 | Elf:1    | Entered Level 1 of the Elven Halls
 42437 | Elf:1    | Paralysed by an orc sorcerer for 5 turns
 42501 | Elf:1    | Identified the +2 ice dragon scales "Culouf" {-Cast rF-
                  | rC++ rN+ Regen+ Str+3}
 42800 | Elf:1    | Reached XP level 19. HP: 177/197 MP: 22/22
 43224 | Elf:1    | Got a torn
 43476 | Elf:1    | Found Nimot's Jewellery Shop.
 43478 | Elf:1    | Found Rutof's Book Emporium.
 43479 | Elf:1    | Found Kefraskofe's Jewellery Shop.
 43647 | Abyss:3  | Cast into level 3 of the Abyss (a deep elf sorcerer)
 43725 | Abyss:3  | Found a corrupted altar of Lugonu.
 43771 | Abyss:3  | Found a corrupted altar of Lugonu.
 43774 | Abyss:3  | Found a corrupted altar of Lugonu.
 43774 | Abyss:3  | Found a corrupted altar of Lugonu.
 43943 | Abyss:3  | Noticed a bone dragon
 44108 | Abyss:3  | Noticed a bone dragon
 44139 | Abyss:3  | Killed a bone dragon
 44140 | Abyss:3  | Reached skill level 5 in Translocations
 44244 | Abyss:3  | Found a corrupted altar of Lugonu.
 44404 | Elf:1    | Escaped the Abyss
 45394 | Elf:1    | Reached skill level 5 in Spellcasting
 46004 | Elf:2    | Found Soekehu's Tiny Tomes.
 46075 | Elf:2    | Identified the +0 robe of the Dice {Slay+4}
 46526 | Elf:2    | Found a huge runed translucent gate.
 46526 | Elf:2    | Found a huge runed translucent gate.
 46533 | Elf:2    | Found a huge runed translucent gate.
 46721 | Elf:2    | Found a huge runed translucent gate.
 46721 | Elf:2    | Found a huge runed translucent gate.
 46757 | Elf:3    | Entered Level 3 of the Elven Halls
 46905 | Elf:3    | Noticed a Brimstone Fiend
 47343 | Elf:3    | Found a portal to a secret trove of treasure.
 47671 | Elf:3    | Found Goerebede's Armour Shoppe.
 47928 | Elf:3    | Found Soaqys's Jewellery Shop.
 47938 | Elf:3    | Bought the ring "Istreu" {Fly Int+6 Slay+3} for 634 gold
                  | pieces
 48731 | Elf:3    | Identified the ring of Summertime {*Corrode +Blink rC+
                  | Will+++ Stlth+}
 49039 | Abyss:3  | Cast into level 3 of the Abyss (a deep elf demonologist)
 49139 | Abyss:3  | Reached XP level 20. HP: 157/206 MP: 31/31
 49366 | Elf:3    | Escaped the Abyss
 50267 | Elf:3    | Reached skill level 10 in Translocations
 50608 | Elf:3    | Identified the +1 leather armour "Ybbusm" {*Corrode rC+
                  | Int+4 Dex+2}
 50665 | Elf:3    | Got a black
 50667 | Elf:3    | Identified the +3 rapier "Lulatow" {flame, Will+ rCorr}
 50722 | Elf:3    | Got an innocuous
 50753 | Elf:3    | Identified the +0 ring mail of Esirug {Regen+ Dex+2}
 51004 | Elf:3    | Upgraded the game from 0.31-a0-771-g505c3d19dc to
                  | 0.31-a0-774-g0d66cbabe8
 51276 | Vaults:1 | Entered Level 1 of the Vaults
 51587 | Vaults:1 | Learned a level 1 spell: Apportation
 51590 | Vaults:1 | Learned a level 2 spell: Lesser Beckoning
 51594 | Vaults:1 | Learned a level 3 spell: Gell's Gravitas
 51599 | Vaults:1 | Learned a level 4 spell: Manifold Assault
 51772 | Vaults:1 | Found Yfechiuj's Distillery.
 51816 | Vaults:1 | Found a magical portal.
 51863 | WizLab   | Entered Yara's Duelist Academy
 52252 | Vaults:1 | Bought a potion of curing for 45 gold pieces
 52252 | Vaults:1 | Bought a potion of curing for 45 gold pieces
 52252 | Vaults:1 | Bought a potion of might for 60 gold pieces
 52252 | Vaults:1 | Bought 2 potions of invisibility for 240 gold pieces
 52252 | Vaults:1 | Bought a potion of curing for 45 gold pieces
 52266 | Vaults:1 | Identified the ring of the Shining Light {Str+6 Int+3}
 52615 | Vaults:1 | Noticed Zenata
 52623 | Vaults:1 | HP: 8/206 [+3 dire flail of protection[Zenata] (5)]
 52921 | Vaults:1 | Killed Zenata
 53476 | Vaults:1 | Reached skill level 10 in Spellcasting
 54866 | Vaults:2 | Reached XP level 21. HP: 40/215 MP: 35/35
 55442 | Vaults:2 | Reached skill level 1 in Dodging
 55913 | Vaults:2 | Noticed Margery
 56806 | D:11     | Killed Newt's ghost
 58578 | Vaults:2 | Killed Margery
 61370 | Vaults:3 | Found a staircase to the Crypt.
 63120 | Vaults:4 | Reached skill level 15 in Translocations
 63968 | Vaults:4 | Noticed Norris
 64001 | Vaults:4 | Reached XP level 22. HP: 207/223 MP: 36/38
 64008 | Vaults:4 | Killed Norris
 64057 | Abyss:3  | Cast into level 3 of the Abyss (a wizard)
 64225 | Abyss:3  | Found a corrupted altar of Lugonu.
 64316 | Abyss:3  | Found a corrupted altar of Lugonu.
 64645 | Vaults:4 | Escaped the Abyss
 64907 | Vaults:4 | Identified the +2 dagger of Xaggadou {drain, Int+3 Dex+2}
 65105 | Vaults:4 | Noticed a dread lich
 65128 | Vaults:4 | Killed a dread lich
 69515 | Snake:1  | Learned a level 2 spell: Momentum Strike
 69522 | Snake:1  | Learned a level 6 spell: Dispersal
 69527 | Snake:1  | Learned a level 4 spell: Iskenderun's Mystic Blast
 69860 | Vaults:5 | Entered Level 5 of the Vaults
 69861 | Vaults:5 | Noticed a golden dragon
 69880 | Vaults:4 | Reached skill level 1 in Conjurations
 70011 | Vaults:4 | Killed a golden dragon
 70702 | Vaults:4 | Reached skill level 5 in Conjurations
 71003 | Vaults:5 | Identified the +7 battleaxe of Visatzao {vamp, Str+2}
 71423 | Vaults:5 | Noticed a golden dragon
 71425 | Vaults:5 | Identified the ring "Bosoet" {AC+4 Int+4}
 71686 | Vaults:4 | Killed a golden dragon
 71687 | Vaults:4 | Reached XP level 23. HP: 134/225 MP: 41/41
 72979 | Vaults:5 | Reached skill level 10 in Throwing
 72998 | Vaults:5 | Identified the +2 scimitar "Hokefiah" {venom, rF+}
 73037 | Vaults:5 | Identified the ring "Houheuth" {+Blink rPois Will+}
 73043 | Vaults:5 | Got a silver rune of Zot
 73744 | Vaults:5 | Found the +7 captain's cutlass {speed, disarm}
 73939 | Vaults:5 | Identified the +1 trident of Iconoclasm {heavy, Int+2}
 73955 | Vaults:5 | Identified the +8 battleaxe "Killer Bee's Death" {vamp,
                  | rPois rC+ Will+ rCorr}
 73967 | Vaults:5 | Noticed Mara
 73982 | Vaults:5 | Killed Mara
 75405 | Slime:1  | Entered Level 1 of the Pits of Slime
 75984 | Slime:3  | Noticed Dissolution
 75992 | Slime:3  | Killed Dissolution
 75997 | Slime:3  | Gained mutation: You are vulnerable to cold. (rC-) [a
                  | shining eye]
 76389 | Slime:5  | Entered Level 5 of the Pits of Slime
 76445 | Slime:5  | Noticed the Royal Jelly
 76461 | Slime:5  | Killed the Royal Jelly
 78219 | Slime:5  | Identified the staff of Punishment {rElec Dex+2 Air}
 78231 | Slime:5  | Identified the ring "Setul" {*Corrode rElec rPois Str+7
                  | Int-4 Dex+6}
 78234 | Slime:5  | Identified the +6 scimitar "Riunireit" {spect, Str+6
                  | Stlth+}
 78283 | Slime:5  | Got a slimy rune of Zot
 78553 | Slime:5  | Identified the +3 broad axe of Asuj {venom, rC+ MP+9 Str+5}
 78568 | Slime:5  | Got a strange book
 78590 | Slime:5  | Identified a scroll of acquirement
 78599 | Slime:5  | Identified the ring of Wyfao {rElec rF+ Int+6}
 78606 | Slime:5  | Acquired 696 gold pieces
 78619 | Slime:5  | Identified the +0 ring mail of Plasticity {+Inv rPois Dex-5
                  | Stlth+}
 78762 | Slime:5  | Identified the +2 robe "Zaboniq" {-Tele rF+ SInv}
 79137 | Slime:5  | HP: 7/230 [acid blob/splash of acid (8)]
 79524 | Slime:2  | Gained mutation: You are clumsy. (Dex -2) [a shining eye]
 79843 | Lair:4   | Upgraded the game from 0.31-a0-774-g0d66cbabe8 to
                  | 0.31-a0-795-g5eb97db20b
 80012 | Depths:1 | Entered Level 1 of the Depths
 80015 | Depths:1 | Paralysed by a floating eye for 2 turns
 80094 | Depths:1 | Noticed Bai Suzhen
 80103 | Depths:1 | Found a gateway to Hell.
 80108 | Depths:1 | Reached skill level 10 in Conjurations
 81867 | Depths:1 | Killed Bai Suzhen
 83030 | Depths:2 | You are sucked into a shaft and drop 1 floor!
 83085 | Depths:3 | Found a one-way gate leading to the halls of Pandemonium.
 83133 | Depths:3 | Found a corrupted altar of Lugonu.
 83134 | Depths:3 | Found a one-way gate to the infinite horrors of the Abyss.
 83236 | Depths:3 | Reached XP level 24. HP: 190/232 MP: 41/41
 84245 | Depths:2 | Lost mutation: You are clumsy. (Dex -2) [potion of
                  | mutation]
 84245 | Depths:2 | Lost mutation: You are vulnerable to cold. (rC-) [potion of
                  | mutation]
 84245 | Depths:2 | Gained mutation: Your flesh is heat resistant. (rF+)
                  | [potion of mutation]
 84245 | Depths:2 | Gained mutation: You occasionally lose the ability to drink
                  | potions when taking damage. [potion of mutation]
 84245 | Depths:2 | Gained mutation: You are agile. (Dex +4, Str/Int -1)
                  | [potion of mutation]
 84245 | Depths:2 | Gained mutation: Your natural rate of healing is unusually
                  | fast. [potion of mutation]
 84245 | Depths:2 | Gained mutation: You occasionally shout uncontrollably at
                  | your foes. [potion of mutation]
 84245 | Depths:2 | Gained mutation: You occasionally lose the ability to read
                  | scrolls when taking damage. [potion of mutation]
 84245 | Depths:2 | Gained mutation: You expend magic power (3 MP) to
                  | strengthen your wands. [potion of mutation]
 84473 | Vaults:4 | Lost mutation: You expend magic power (3 MP) to strengthen
                  | your wands. [potion of mutation]
 84473 | Vaults:4 | Lost mutation: You occasionally shout uncontrollably at
                  | your foes. [potion of mutation]
 84473 | Vaults:4 | Lost mutation: Your flesh is heat resistant. (rF+) [potion
                  | of mutation]
 84473 | Vaults:4 | Lost mutation: Your natural rate of healing is unusually
                  | fast. [potion of mutation]
 84473 | Vaults:4 | Gained mutation: You passively map a small area around you.
                  | [potion of mutation]
 84473 | Vaults:4 | Gained mutation: You are very agile. (Dex +8, Str/Int -2)
                  | [potion of mutation]
 84474 | Vaults:4 | Lost mutation: You occasionally lose the ability to drink
                  | potions when taking damage. [potion of mutation]
 84474 | Vaults:4 | Lost mutation: You occasionally lose the ability to read
                  | scrolls when taking damage. [potion of mutation]
 84474 | Vaults:4 | Lost mutation: You are very agile. (Dex +8, Str/Int -2)
                  | [potion of mutation]
 84474 | Vaults:4 | Lost mutation: You passively map a small area around you.
                  | [potion of mutation]
 84474 | Vaults:4 | Gained mutation: You have supernaturally acute eyesight.
                  | (SInv) [potion of mutation]
 84474 | Vaults:4 | Gained mutation: You are robust. (+10% HP) [potion of
                  | mutation]
 84474 | Vaults:4 | Lost mutation: You are agile. (Dex +4, Str/Int -1) [potion
                  | of mutation]
 84474 | Vaults:4 | Gained mutation: You have hidden genetic defects. [potion
                  | of mutation]
 84474 | Vaults:4 | Gained mutation: You are partially covered in iridescent
                  | scales. (AC +2) [potion of mutation]
 84794 | Depths:1 | Bought 2 potions of haste for 260 gold pieces
 84794 | Depths:1 | Bought 3 darts of dispersal for 35 gold pieces
 84794 | Depths:1 | Bought a wand of iceblast (8) for 249 gold pieces
 85477 | Depths:2 | Identified the +11 shortbow "Tariab" {flame, Str+3 Dex+5}
 85973 | Depths:2 | Paralysed by a floating eye for 4 turns
 85990 | Depths:2 | Paralysed by a floating eye for 4 turns
 86465 | Depths:2 | Gained mutation: You do not regenerate when monsters are
                  | visible. [hidden defects]
 88331 | Depths:3 | Found Kehopn's Demolitions Depot.
 88638 | Depths:3 | Found Nodiphor's Distillery.
 88647 | Depths:3 | Bought a potion of curing for 54 gold pieces
 88647 | Depths:3 | Bought a potion of heal wounds for 90 gold pieces
 88647 | Depths:3 | Bought a potion of might for 72 gold pieces
 88647 | Depths:3 | Bought a potion of cancellation for 144 gold pieces
 88647 | Depths:3 | Bought a potion of might for 72 gold pieces
 88877 | Depths:3 | Found a white marble altar of Elyvilon.
 88877 | Depths:3 | Found a glowing golden altar of the Shining One.
 88880 | Depths:3 | Found a glowing silver altar of Zin.
 89059 | Depths:4 | Entered Level 4 of the Depths
 91364 | Depths:3 | Gained mutation: You are clumsy. (Dex -2) [hidden defects]
 91364 | Depths:3 | Lost mutation: You have hidden genetic defects. [hidden
                  | defects expressed]
 91909 | Depths:4 | Reached skill level 15 in Evocations
 91998 | Depths:4 | Paralysed by a floating eye for 2 turns
 92149 | Depths:4 | Upgraded the game from 0.31-a0-795-g5eb97db20b to
                  | 0.31-a0-810-ga77100ea1a
 92512 | Depths:4 | Noticed a juggernaut
 92525 | Depths:4 | Killed a juggernaut
 92624 | Depths:4 | Found a one-way gateway to a ziggurat.
 92779 | Depths:4 | Upgraded the game from 0.31-a0-810-ga77100ea1a to
                  | 0.31-a0-819-gf6de2f5ab6
 93207 | Depths:4 | Found an ornate altar of the Wu Jian Council.
 93987 | Depths:4 | Found a gate to the Realm of Zot.
 94266 | Crypt:1  | Entered Level 1 of the Crypt
 94865 | Crypt:1  | Reached XP level 25. HP: 252/270 MP: 41/41
 95729 | Crypt:2  | Identified the +7 chain mail of Noughts and Crosses {-Cast
                  | Will+ Str+3}
 96606 | Crypt:3  | Entered Level 3 of the Crypt
 96642 | Crypt:3  | Found a staircase to the Tomb.
 98663 | Crypt:3  | Reached skill level 15 in Shields
 98797 | Crypt:3  | Identified the +2 dire flail "Futsuc" {drain, Fly rF+ Str-3
                  | SInv}
 99186 | Crypt:3  | Identified the amulet "Wiheisai" {Regen+ SInv}
 99186 | Crypt:3  | Identified the ring of Paoxtog {rF+ rC+ rN+}
 99186 | Crypt:3  | Identified the ring of the Merwolf {rN+ Int+3 Dex-5 Slay+3}
 99710 | Crypt:3  | Reached skill level 21 in Fighting
 99722 | Crypt:3  | Identified the +2 scimitar "Luvum" {speed, rCorr}
 99727 | Crypt:3  | Noticed an ancient lich
100097 | Crypt:3  | Killed an ancient lich
100129 | Crypt:3  | Identified the +1 plate armour "Esycumew" {rC- Str+3
                  | Stlth+}
100156 | Crypt:3  | Identified the +3 flail of the Pit {drain, rC+ Dex+2}
100489 | Zot:1    | Entered Level 1 of the Realm of Zot
100507 | Zot:1    | Noticed an orb of fire
100518 | Zot:1    | Gained mutation: Your body sometimes deteriorates upon
                  | taking damage. [an orb of fire]
100906 | Depths:4 | Gained mutation: Your magical capacity is low. (-10% MP)
                  | [an orb of fire]
100912 | Depths:4 | Killed an orb of fire
102774 | Zot:1    | Acquired the +6 lightning scales {swift, rElec}
102774 | Zot:1    | Found the +6 lightning scales {swift, rElec}
102852 | Zot:1    | Found a transporter.
103734 | Zot:1    | Found a transporter.
103738 | Zot:1    | Found a transporter.
103739 | Zot:1    | Found a transporter.
104795 | Zot:1    | Reached skill level 10 in Stealth
104813 | Zot:1    | Identified the +1 chain mail of Bielema {+Blink rCorr Str+4
                  | Stlth-}
106113 | Zot:2    | Reached XP level 26. HP: 185/247 MP: 37/37
106554 | Zot:2    | Reached skill level 22 in Fighting
107771 | Zot:2    | Noticed an orb of fire
107779 | Zot:2    | Gained mutation: You are dopey. (Int -2) [an orb of fire]
107808 | Zot:2    | Gained mutation: You have hidden genetic defects. [an orb
                  | of fire]
107815 | Zot:2    | Lost mutation: You are robust. (+10% HP) [an orb of fire]
107816 | Zot:2    | Killed an orb of fire
108445 | Zot:2    | Identified the ring of Xeliliov {+Blink rF+ MP+9}
109046 | Zot:2    | Got a well-preserved book
110207 | Zot:3    | Gained mutation: You sometimes lose your temper in combat.
                  | [hidden defects]
110208 | Zot:3    | Acquired 730 gold pieces
110210 | Zot:3    | Lost mutation: You do not regenerate when monsters are
                  | visible. [potion of mutation]
110210 | Zot:3    | Lost mutation: You are clumsy. (Dex -2) [potion of
                  | mutation]
110210 | Zot:3    | Lost mutation: Your magical capacity is low. (-10% MP)
                  | [potion of mutation]
110210 | Zot:3    | Lost mutation: You have hidden genetic defects. [potion of
                  | mutation]
110210 | Zot:3    | Lost mutation: You have supernaturally acute eyesight.
                  | (SInv) [potion of mutation]
110210 | Zot:3    | Lost mutation: You sometimes lose your temper in combat.
                  | [potion of mutation]
110210 | Zot:3    | Gained mutation: You expend magic power (3 MP) to
                  | strengthen your wands. [potion of mutation]
110210 | Zot:3    | Gained mutation: Your body often deteriorates upon taking
                  | damage. [potion of mutation]
110210 | Zot:3    | Gained mutation: You do not regenerate when monsters are
                  | visible. [potion of mutation]
110210 | Zot:3    | Lost mutation: You are partially covered in iridescent
                  | scales. (AC +2) [potion of mutation]
110210 | Zot:3    | Gained mutation: Your muscles are strong. (Str +4, Int/Dex
                  | -1) [potion of mutation]
110210 | Zot:3    | Gained mutation: You have a somewhat thin skeletal
                  | structure. (Dex +2, Stealth+) [potion of mutation]
110211 | Zot:3    | Lost mutation: Your body often deteriorates upon taking
                  | damage. [potion of mutation]
110211 | Zot:3    | Lost mutation: Your muscles are strong. (Str +4, Int/Dex
                  | -1) [potion of mutation]
110211 | Zot:3    | Lost mutation: Your body sometimes deteriorates upon taking
                  | damage. [potion of mutation]
110211 | Zot:3    | Lost mutation: You are dopey. (Int -2) [potion of mutation]
110211 | Zot:3    | Gained mutation: Your body sometimes deteriorates upon
                  | taking damage. [potion of mutation]
110211 | Zot:3    | Gained mutation: You are agile. (Dex +4, Str/Int -1)
                  | [potion of mutation]
110211 | Zot:3    | Gained mutation: You have hidden genetic potential. [potion
                  | of mutation]
111441 | Zot:3    | Noticed an orb of fire
112112 | Zot:3    | Gained mutation: You are weak. (Str -2) [an orb of fire]
112124 | Zot:3    | Gained mutation: Your spells are a little easier to cast,
                  | but a little less powerful. [an orb of fire]
112131 | Zot:3    | Gained mutation: You are occasionally teleported next to
                  | monsters. [an orb of fire]
112133 | Zot:3    | Killed an orb of fire
113583 | Zot:2    | Lost mutation: You have a somewhat thin skeletal structure.
                  | (Dex +2, Stealth+) [potion of mutation]
113583 | Zot:2    | Lost mutation: You do not regenerate when monsters are
                  | visible. [potion of mutation]
113583 | Zot:2    | Lost mutation: You expend magic power (3 MP) to strengthen
                  | your wands. [potion of mutation]
113583 | Zot:2    | Lost mutation: You are occasionally teleported next to
                  | monsters. [potion of mutation]
113583 | Zot:2    | Lost mutation: You are weak. (Str -2) [potion of mutation]
113583 | Zot:2    | Lost mutation: Your body sometimes deteriorates upon taking
                  | damage. [potion of mutation]
113583 | Zot:2    | Gained mutation: Your skin changes colour to match your
                  | surroundings (Stealth+). [potion of mutation]
113583 | Zot:2    | Gained mutation: Your natural rate of healing is unusually
                  | fast. [potion of mutation]
113583 | Zot:2    | Lost mutation: Your natural rate of healing is unusually
                  | fast. [potion of mutation]
113583 | Zot:2    | Gained mutation: You occasionally shout uncontrollably at
                  | your foes. [potion of mutation]
113583 | Zot:2    | Lost mutation: You have hidden genetic potential. [potion
                  | of mutation]
113583 | Zot:2    | Gained mutation: You are resistant to electric shocks.
                  | (rElec) [potion of mutation]
113583 | Zot:2    | Gained mutation: You have large cloven feet. [potion of
                  | mutation]
114912 | Zot:3    | Reached skill level 23 in Fighting
116187 | Zot:4    | Reached skill level 1 in Summonings
116607 | Zot:4    | Learned a level 5 spell: Summon Forest
117449 | Hell     | Entered the Vestibule of Hell
117449 | Hell     | Noticed Geryon
118089 | Depths:1 | Reached XP level 27. HP: 275/277 MP: 41/41
118342 | Depths:1 | Bought a potion of resistance for 290 gold pieces
118342 | Depths:1 | Bought a scroll of teleportation for 87 gold pieces
118342 | Depths:1 | Bought an ivory short sword for 232 gold pieces
118342 | Depths:1 | Identified the +8 short sword "Ciha" {pain, rCorr Str-5
                  | Dex+5} (You bought it in a shop on level 1 of the Depths)
118396 | Depths:1 | Paralysed by something for 3 turns
118949 | Depths:1 | Reached skill level 5 in Summonings
121855 | Hell     | Killed Geryon
122094 | Hell     | Found a gateway to the ashen valley of Gehenna.
122151 | Hell     | Found a gateway to the Iron City of Dis.
122687 | Hell     | Found a gateway to the decaying netherworld of Tartarus.
122990 | Hell     | Learned a level 4 spell: Vhi's Electric Charge
123038 | Depths:3 | Voluntarily entered the Abyss.
123038 | Abyss:4  | Found a corrupted altar of Lugonu.
123038 | Abyss:4  | Found a corrupted altar of Lugonu.
123143 | Abyss:4  | Reached skill level 1 in Air Magic
123498 | Abyss:4  | Gained mutation: You are frail. (-10% HP) [a neqoxec]
123572 | Depths:3 | Escaped the Abyss
124085 | Depths:3 | Voluntarily entered the Abyss.
124407 | Abyss:4  | Reached skill level 5 in Air Magic
124452 | Abyss:4  | Noticed an ancient lich
124454 | Depths:3 | Escaped the Abyss
124841 | Depths:3 | Voluntarily entered the Abyss.
124857 | Abyss:4  | Found a corrupted altar of Lugonu.
124916 | Abyss:4  | Reached skill level 10 in Summonings
125037 | Abyss:4  | Got an abyssal rune of Zot
125177 | Abyss:4  | Found a corrupted altar of Lugonu.
125196 | Abyss:4  | Found a corrupted altar of Lugonu.
125201 | Depths:3 | Escaped the Abyss
125589 | Zot:5    | Entered Level 5 of the Realm of Zot
125755 | Zot:5    | Noticed an orb of fire
125769 | Zot:5    | Gained mutation: Your magical capacity is low. (-10% MP)
                  | [an orb of fire]
125783 | Zot:5    | Gained mutation: You are very frail. (-20% HP) [an orb of
                  | fire]
125790 | Zot:5    | Killed an orb of fire
125793 | Zot:5    | Noticed an orb of fire
125820 | Zot:5    | Gained mutation: Your body sometimes deteriorates upon
                  | taking damage. [an orb of fire]
125842 | Zot:5    | Noticed an orb of fire
125856 | Zot:5    | Killed an orb of fire
125859 | Zot:5    | HP: 10/337 [Orb Guardian (13)]
125859 | Zot:5    | HP: 1/337 [Orb Guardian (9)]
125859 | Zot:5    | Annihilated by an Orb Guardian

Illustrated notes

Levels and vault maps discovered:
D:1:      dpeg_arrival_simpleton_c, layout_basic, minmay_tromino_v2
D:2:      layout_rooms, basic_altar
D:3:      minmay_goblin_kobold_castle, layout_loops_ring,
          chequers_temple_overflow_statue_of_worship, mainiacjoe_overflow_paths,
          ebering_ecumenical_altar_abandoned
D:4:      layout_loops_ring, nicolae_vehumet_radiance, tso_oasis_becter,
          minmay_temple_entry_statues, serial_glass, glass_columns_b,
          glass_columns_a, minmay_strange_pillars, uniq_edmund
D:5:      cheibrodos_iron_armory, layout_basic,
          nicolae_uskayaw_murder_on_the_dancefloor, general_overflow_altar,
          chequers_serial_rivers_micro_c
D:6:      layout_cave_pools, nicolae_qazlal_eye_of_the_storm, ashenzari_altar_1,
          zin_academy, kiku_gazebo_pond_becter, jmf_multi_god_temple2,
          mainiacjoe_overflow_small_starburst, ebering_ghost_sewer_f,
          minivault_1, minmay_misc_feat_doors, uniq_pikel, uniq_prince_ribbit1
D:7:      kennysheep_housing_project, layout_rooms, enter_bailey_4
D:8:      layout_rooms
D:9:      layout_loops_ring, minivault_8, uniq_harold
D:10:     layout_long_grid
D:11:     nrook_guardian_serpent_snake_passage, layout_long_grid,
          minmay_lair_entry_grove, hellmonk_ghost_big_iron
D:12:     layout_loops_ring, david_orc_4, drop_trap, unseen_surprise_small
D:13:     layout_rooms, nicolae_custom_books
D:14:     layout_roguey, david_vaults_2, minivault_27, uniq_frances
D:15:     grunt_enter_depths_snipers, layout_rooms, nicolae_cairo_tiling_large
Lair:1:   beast_lair_carwin_large_1, layout_regular_city
Lair:2:   layout_hall_layers, elwin_shoals_entry_stream,
          hangedman_lair_generics_rect
Lair:3:   layout_long_grid, minmay_snake_entry_guardpost_medium,
          ebering_ghost_reflecting_pool
Lair:4:   layout_roguey, nicolae_slime_entry_field_trip,
          infiniplex_staircase_pool_2, lemuel_fruit_fields
Lair:5:   wormcave, layout_cave_shapes
Shoals:1: layout_shoals, serial_shops, nicolae_shop_advertising_works
          [nicolae_subvault_shop_adworks]
Shoals:2: layout_shoals, portal_ice_cave_entry_frozen_things, uniq_polyphemus,
          uniq_kirke
Shoals:3: layout_shoals, serial_nicolae_subway, nicolae_sub_station_crystal,
          nicolae_sub_station_metal, nicolae_sub_station_stone
Shoals:4: shoals_end_hellmonk_lost_city
Snake:1:  gammafunk_sealed_arena, layout_basic, uniq_aizul
Snake:2:  cheibrodos_forgotten_conduit, layout_cave_town, uniq_mlioglotl
Snake:3:  layout_grid_shapes, nicolae_snake_gridmaze_waves, grunt_megastairs_2,
          serial_bayou_shore_a, uniq_vashnia
Snake:4:  johnstein_snake_rune_scales, layout_onion_interference, serial_shops,
          nicolae_shop_behind_doors, drop_trap
Slime:1:  layout_caves, nicolae_slime_phagocytosis
Slime:2:  layout_caves
Slime:3:  layout_caves, dissolution_awaits
Slime:4:  layout_caves
Slime:5:  slime_pit_nicolae_jellycorners
Orc:1:    layout_caves, serial_shops, shop, uniq_fannar
Orc:2:    st_orc_rangers, layout_caves, serial_shops,
          nicolae_shop_rolling_square
Elf:1:    nicolae_elf_arrival_no_cutting_in_line, layout_geoelf_grid,
          minmay_elf_demonology, grunt_ministairs_13, minmay_shop_grove
Elf:2:    elven_hall_of_blades_hangedman_alternative
          [nicolae_blade_entry_pointy_end], layout_loops_cross,
          nicolae_shop_i_like_small_books_too
Elf:3:    minmay_elf_hall, layout_geoelf_castle, serial_shops, shop, shop,
          trove_entry_hex_spiral
Vaults:1: lightli_enter_wizlab_magi_temple, nicolae_vaults_double_plus_2,
          v_misc_11, hangedman_vaults_maws, nicolae_vaults_heart-shaped_vault,
          nicolae_vaults_house_2, layout_vaults_omnigrid, serial_shops,
          nicolae_shop_waterfront, uniq_zenata
Vaults:2: grunt_vaults_trifunnel, v_misc_31, nicolae_vaults_meiosis,
          vaults_dpeg_ring, v_misc_33, nicolae_vaults_network_s,
          nicolae_vaults_wrenched, vaults_room_grid, ontoclasm_vaults_gallery,
          nicolae_vaults_trapezoid_2, nicolae_vaults_specimen_jars,
          nicolae_vaults_trapezoid_lopsided_1, nicolae_vaults_house_1,
          layout_vaults_omnicross, uniq_margery
Vaults:3: nicolae_vaults_know_your_exits, nicolae_vaults_yaktaur_gun_rack,
          vaults_mumra_hex, ontoclasm_vaults_misaligned,
          nicolae_vaults_oval_intersection, nicolae_vaults_variable_pillar_hall,
          nicolae_vaults_trapezoid_lopsided_1, v_alt_pattern_1,
          nicolae_vaults_tetromino_Z_1, nicolae_vaults_border_crossing,
          layout_vaults_chaotic_city, minmay_crypt_entry_simple_box
Vaults:4: nicolae_vaults_mitosis, nicolae_vaults_weapon_check,
          nicolae_vaults_shrinking_rooms_1,
          nicolae_vaults_antechamber_and_loot_room, v_misc_29,
          nicolae_vaults_hallways_thing, nicolae_vaults_diamond_1,
          hangedman_vaults_slither, nicolae_vaults_apartment_2,
          nicolae_vaults_what_the_h, layout_vaults_omnibox, uniq_norris
Vaults:5: uniq_mara
Crypt:1:  layout_misc_corridors
Crypt:2:  layout_basic, roderic_lattice_octagonal_star
Crypt:3:  due_elkab, layout_chaotic_city
Depths:1: layout_cave_pools, hell_entry, nicolae_kite_square_tiling_tiny,
          kennysheep_inner_square, uniq_bai_suzhen
Depths:2: cheibrodos_leafed_vault, layout_small_grid, grunt_metal_band,
          pan_entry, nicolae_the_louvre
Depths:3: lemuel_troll_bridge, layout_cave_pools, hell_entry,
          abyss_entry_flame_altar, serial_shops, nicolae_shop_crystal,
          grunt_pan_entry_spiral, good_gods_mini_temple, nicolae_blasting_shop,
          kennysheep_random_hallway, firewood_loft
Depths:4: grunt_zot_entry_pinwheel, layout_cave_pools, enter_ziggurat_f,
          abyss_entry_glasseish, hell_entry, pdpol_wu_jian_five_deadly_venoms
Hell
Zot:1:    layout_cellular_growth, st_stairs_6, nicolae_diode_intersection
Zot:2:    minmay_elemental_castle, layout_gridlike
Zot:3:    lemuel_acid_trip, layout_onion, zot_minivault_4
Zot:4:    layout_concentric_octagons
Zot:5:    layout_twisted_circle

Skill      XL: |  1  2  3  4  5  6  7  8  9 10 11 12 13 14 15 16 17 18 19 20 21 22 23 24 25 26 27 |
---------------+----------------------------------------------------------------------------------+-----
Long Blades    | 2 3 4 5 7 8 10 11 13 14 15 | 15.4
Armour         | 4 5 6 8 9 10 11 12 15 16 18 | 18.0
Fighting       | 3 4 5 6 7 9 10 11 13 15 17 18 19 20 21 23 | 23.6
Shields        | 4 5 6 8 9 11 12 13 15 | 15.0
Evocations     | 7 8 12 15 | 15.0
Stealth        | 4 9 10 12 | 12.0
Throwing       | 7 8 12 | 12.0
Translocations | 2 9 12 15 16 18 20 | 20.0
Spellcasting   | 2 7 10 12 14 | 14.3
Dodging        | 4 |  4.0
Conjurations   | 7 11 12 | 12.0
Summonings     | 4 10 | 10.0
Air Magic      | 9 |  9.4

Action                     |  1- 3 |  4- 6 |  7- 9 | 10-12 | 13-15 | 16-18 | 19-21 | 22-24 | 25-27 || total
---------------------------+-------+-------+-------+-------+-------+-------+-------+-------+-------++-------
  Melee: Long sword        |   151 |   222 |   366 |   269 |       |       |       |       |       ||  1008
         Tailslap          |    16 |    23 |    68 |   120 |   282 |   370 |   498 |   787 |   944 ||  3108
         Falchion          |       |       |       |   399 |  1287 |  1712 |  1976 |  2499 |  3114 || 10987
         Kick              |       |       |       |       |       |       |       |       |   784 ||   784
  Throw: Throwing net      |       |       |       |     1 |       |       |     3 |     4 |       ||     8
         Javelin           |       |       |       |       |       |       |     9 |    12 |       ||    21
         Boomerang         |       |       |       |       |       |       |     3 |     5 |       ||     8
         Dart              |       |       |       |       |       |       |       |       |     1 ||     1
   Cast: Blink             |       |       |       |       |       |       |     5 |    21 |    11 ||    37
         Momentum Strike   |       |       |       |       |       |       |       |     1 |     3 ||     4
         Iskenderun's Myst |       |       |       |       |       |       |       |     1 |    12 ||    13
         Manifold Assault  |       |       |       |       |       |       |       |       |    47 ||    47
         Gell's Gravitas   |       |       |       |       |       |       |       |       |    17 ||    17
         Dispersal         |       |       |       |       |       |       |       |       |    11 ||    11
         Apportation       |       |       |       |       |       |       |       |       |     1 ||     1
         Summon Forest     |       |       |       |       |       |       |       |       |     1 ||     1
 Invoke: Potion Petition   |       |       |     1 |     2 |     1 |    10 |     9 |    10 |    11 ||    44
         Call Merchant     |       |       |       |       |     2 |     1 |       |     1 |     1 ||     5
         Bribe Branch      |       |       |       |       |       |       |       |     1 |     1 ||     2
  Evoke: Wand              |       |     5 |     3 |    14 |    23 |    28 |    35 |    18 |    29 ||   155
         Phantom mirror    |       |       |       |     2 |     3 |     1 |       |     1 |     3 ||    10
         Lightning rod     |       |       |       |       |     8 |     6 |     7 |     5 |    10 ||    36
         Sack of spiders   |       |       |       |       |       |       |     2 |     1 |       ||     3
         Horn of Geryon    |       |       |       |       |       |       |       |       |     2 ||     2
    Use: Scroll            |     8 |     4 |     9 |     4 |    13 |    13 |    15 |    16 |    18 ||   100
         Potion            |       |       |     2 |     3 |       |     4 |    11 |    17 |    17 ||    54
   Stab: Distracted        |       |     2 |     1 |     5 |     9 |    18 |    13 |    14 |    26 ||    88
         Petrified         |       |       |       |       |     2 |     7 |       |       |       ||     9
         Petrifying        |       |       |       |       |     1 |       |       |       |       ||     1
         Invisible         |       |       |       |       |       |     6 |       |     1 |     5 ||    12
         Paralysed         |       |       |       |       |       |       |     7 |     6 |     4 ||    17
         Held in net/web   |       |       |       |       |       |       |     5 |    10 |       ||    15
 Armour: Scale mail        |   166 |   260 |   306 |       |       |       |       |       |       ||   732
         Skin              |       |       |    17 |       |       |       |       |       |     5 ||    22
         Gold dragon scale |       |       |     2 |   519 |   701 |  1007 |  1363 |  2234 |  2447 ||  8273
  Dodge: Dodged            |    88 |   104 |   128 |    19 |    79 |   256 |   204 |   285 |   242 ||  1405
  Block: Buckler           |    44 |    69 |    92 |       |       |       |       |       |       ||   205
         Kite shield       |       |       |     4 |   503 |   759 |  1181 |  1143 |  1596 |  2333 ||  7519
         Reflection        |       |       |       |       |       |       |       |       |    46 ||    46
         Other             |       |       |       |       |       |       |       |       |     1 ||     1

Table legend: (Time is in decaauts)
 A = Elapsed time spent in this place.
 B = Non-inter-level travel time spent in this place.
 C = Inter-level travel time spent in this place.
 D = Time resting spent in this place.
 E = Time spent auto-exploring this place.
 F = Levels seen in this place.
 G = Mean time per level.
                   A        B        C        D        E       F      G
               +--------+--------+--------+--------+--------+-----+--------+
         Total | 122165 | 114984 |   7181 |  52468 |  35029 |  65 | 1879.5 |
       Dungeon |  19118 |  17020 |   2098 |   4573 |   8112 |  15 | 1274.5 |
          Lair |   8127 |   6763 |   1364 |   1705 |   2933 |   5 | 1625.4 |
        Shoals |   6531 |   5990 |    541 |   2082 |   2515 |   4 | 1632.8 |
     Snake Pit |   9482 |   9219 |    263 |   3745 |   3305 |   4 | 2370.5 |
    Slime Pits |   4102 |   4091 |     11 |   2953 |    232 |   5 |  820.4 |
  Orcish Mines |   1514 |   1326 |    188 |     71 |    892 |   2 |  757.0 |
   Elven Halls |   9045 |   8303 |    742 |   3997 |   2136 |   3 | 3015.0 |
        Vaults |  19574 |  18627 |    947 |   8991 |   5919 |   5 | 3914.8 |
         Crypt |   5780 |   5614 |    166 |   1179 |   2918 |   3 | 1926.7 |
        Depths |  19780 |  19243 |    537 |  13659 |   2452 |   4 | 4945.0 |
          Hell |   1181 |   1174 |      7 |    650 |    229 |   1 | 1181.0 |
           Zot |  14312 |  14000 |    312 |   7883 |   3216 |   5 | 2862.4 |
         Abyss |   2583 |   2583 |      0 |    655 |    168 |   7 |  369.0 |
        Bailey |    944 |    944 |      0 |    319 |      0 |   1 |  944.0 |
        Wizlab |     86 |     86 |      0 |      0 |      0 |   1 |   86.0 |
               +--------+--------+--------+--------+--------+-----+--------+

Top non-repeatable levels by time:
   Zot:2: 8130 daAuts
Depths:1: 6142 daAuts
Vaults:4: 5687 daAuts
Depths:2: 5139 daAuts
Vaults:3: 4929 daAuts
Vaults:2: 4264 daAuts
Depths:4: 4259 daAuts
Depths:3: 4239 daAuts
   Elf:3: 3687 daAuts
 Snake:4: 3650 daAuts
 Crypt:3: 3478 daAuts
   Elf:1: 2791 daAuts
   Elf:2: 2565 daAuts
Vaults:1: 2531 daAuts
   Zot:3: 2287 daAuts
